 Dungeon Crawl Stone Soup version 0.31-a0-507-gbafd7f5274 (webtiles) character file.

Game seed: 6384479469071764539

158 jlumianski the Ducker (level 5, 0/36 HPs)
             Began as a Djinni Fire Elementalist on Aug 9, 2023.
             Was a Follower of Makhleb.
             Killed themself with a badly aimed concussive blast (3 damage)
             ... on level 3 of the Dungeon.
             The game lasted 00:13:37 (2154 turns).

jlumianski the Ducker (Djinni Fire Elementalist)    Turns: 2154, Time: 00:13:38

Health: 0/36       AC:  3    Str:  7    XL:     5   Next: 67%
Gold:   103        EV: 13    Int: 19    God:    Makhleb [*.....] SH:  0 Dex: 13

rFire   + + .        d - +0 short sword
rCold   x . .        (no shield)
rNeg    . . .        a - +0 robe
rPois   ∞            k - +0 helmet
rElec   .            (no cloak)
rCorr   .            (no gloves)
SInv    .            (boots unavailable)
Will    .....        (no amulet)
Stlth   ++           (no ring)
HPRegen 0.26/turn    (no ring)
MPRegen 0.00/turn

%: infuse magic (-1 HP)
@: flying
A: sickness immunity, fire resistance 2, cold vulnerability 1, float, innate
caster, HP casting, extra vitality 1
a: Renounce Religion


You were on level 3 of the Dungeon.
You worshipped Makhleb.
Makhleb was aware of your devotion.
You visited 1 branch of the dungeon, and saw 4 of its levels.

You collected 103 gold pieces.

Inventory:

Hand Weapons
 d - a +0 short sword (weapon)
 f - a +0 scimitar
Missiles
 c - 4 poisoned darts
 e - 2 silver javelins
Armour
 a - a +0 robe (worn)
 k - a +0 helmet (worn)
Magical Staves
 m - a staff of poison
Wands
 s - a wand of paralysis (9)
Scrolls
 b - a scroll of fear
 h - a scroll of enchant weapon {unknown}
 j - a scroll of blinking {unknown}
 l - 2 scrolls of torment {unknown}
 n - a scroll of fog {unknown}
 p - a scroll of vulnerability {unknown}
 r - a scroll of immolation {unknown}
Potions
 g - a potion of degeneration
 o - a potion of brilliance
 q - 2 potions of might
 t - a potion of cancellation
 u - a potion of haste {unknown}


   Skills:
 + Level 0.6 Fighting
 + Level 1.0 Short Blades
 + Level 3.6 Dodging
 + Level 2.7 Stealth
 * Level 3.3 Spellcasting
 * Level 3.3 Conjurations
 * Level 3.3 Hexes
 * Level 3.3 Summonings
 * Level 3.3 Necromancy
 * Level 3.3 Translocations
 * Level 3.3 Transmutations
 * Level 3.3 Fire Magic
 * Level 3.3 Ice Magic
 * Level 3.3 Air Magic
 * Level 3.3 Earth Magic
 * Level 3.3 Poison Magic
 * Level 1.8 Invocations


You knew the following spells:

 Your Spells              Type           Power      Damage    Failure   Level
a - Foxfire               Conj/Fire      60%        2x1d7     3%          1
b - Scorch                Fire           30%        2d6       6%          2
c - Volatile Blastmotes   Fire/Tloc      30%        2d12      12%         3
d - Inner Flame           Hex/Fire       15%        N/A       12%         3
e - Flame Wave            Conj/Fire      15%        2d7       36%         4
f - Sting                 Tmut/Pois      60%        1d6       3%          1
g - Call Imp              Summ           30%        N/A       6%          2
Your spell library was empty.

Dungeon Overview and Level Annotations

Branches:
Dungeon (4/15)
 Temple: D:4-7

Altars:
Cheibriados
Dithmenos
Fedhas
Hepliaklqana
Makhleb
Okawaru
Uskayaw
Zin
The Shining One

Shops:
D:4 :


Innate Abilities, Weirdness & Mutations

You are immune to sickness and miasma.
You are immune to poison.
Your flesh is very heat resistant. (rF++)
You are vulnerable to cold. (rC-)
You float through the air rather than walking.
You learn spells naturally, not from books.
Your magical power is your life essence.
You have superior vitality. (+4 MHP)


Message History

You fly upwards.
There is a stone staircase leading down, spattered with blood here.
Things that are here:
a +0 ring mail; a +1 heavy hand axe; an orc corpse
Casting: Scorch (safe; 6% risk of failure)
Confirm with . or Enter, or press ? or * to list all spells.
Flames lash the adder.
The adder is heavily wounded.
The adder's fire resistance burns away.
The adder barely misses you.
Casting: Scorch (safe; 6% risk of failure)
Confirm with . or Enter, or press ? or * to list all spells.
You conjure some foxfire!
The adder bites you.
You hit the adder.
The adder is heavily wounded.
The foxfire hits the adder.
The adder is burned terribly!
The adder is almost dead.
The foxfire hits the adder!
The adder is burned terribly!
You kill the adder!
Makhleb accepts your kill.
Your Short Blades skill increases to level 1!
You start resting.
HP restored.
You fly downwards.
There is a stone staircase leading up here.
The orc warrior hits you with a +0 dire flail!
You fly upwards.
There is a stone staircase leading down, spattered with blood here.
Things that are here:
a +0 ring mail; a +1 heavy hand axe; an orc corpse The orc warrior hits you with a +0 dire flail!
Casting: Foxfire (safe; 3% risk of failure)
Confirm with . or Enter, or press ? or * to list all spells.
A cloud of volatile blastmotes flares up around you!
The orc warrior hits you with a +0 dire flail!
* * * LOW HITPOINT WARNING * * *
The cloud of blastmotes explodes!
The concussive blast engulfs the orc warrior!
The orc warrior is heavily wounded.
The concussive blast engulfs you. You resist.
You die...

## ## #........ .###.#
#..##.### ##...# #
.##..##.### #..8.# #.
........... #....#
#....##.##.### #..)#.#
.. #.##.###
#...#####.#.##.##.8.#
##......#............
#>.o@......###.##....
#.###..#..........8.#
#...........##....#.#.#
#.######.##.####..#.###
#. .. # #....... # #.#
#..##.### .# ....###.#
# ..##..# #.# # #.> #†#
#


You could see an orc warrior.

Vanquished Creatures
  A scorpion (D:4)
  Robin (D:2)
  2 adders (D:3)
  2 dart slugs
  An orc (D:3)
  10 endoplasms
  A giant cockroach (D:2)
  16 goblins
  7 hobgoblins
  2 jackals (D:1)
  5 kobolds
  2 quokkas (D:1)
  2 ball pythons (D:1)
  3 bats
  4 frilled lizards
  4 rats
63 creatures vanquished.

Vanquished Creatures (others)
  A goblin (D:2)
  131 foxfires
132 creatures vanquished.

Grand Total: 195 creatures vanquished

Notes
Turn   | Place    | Note
-------+----------+-------------------------------------------
     0 | D:1      | jlumianski the Djinni Fire Elementalist began the quest for
                  | the Orb.
     0 | D:1      | jlumianski set off with the following spells memorised:
                  | Foxfire, Scorch, Volatile Blastmotes, Inner Flame, Flame
                  | Wave.
     0 | D:1      | Reached XP level 1. HP: 15/15 MP: 0/0
    52 | D:1      | Reached XP level 2. HP: 13/21 MP: 0/0
   315 | D:1      | Reached XP level 3. HP: 24/25 MP: 0/0
   315 | D:1      | Learned a level 1 spell: Sting
   828 | D:2      | Found a burning altar of Makhleb.
   838 | D:2      | Became a worshipper of Makhleb the Destroyer
   838 | D:2      | Noticed Robin
  1016 | D:1      | Reached XP level 4. HP: 25/31 MP: 0/0
  1131 | D:2      | Killed Robin
  1132 | D:2      | Found a faded altar of an unknown god.
  1621 | D:3      | Found a shadowy altar of Dithmenos.
  1652 | D:3      | Reached skill level 1 in Invocations
  1656 | D:3      | Found a hazy altar of Hepliaklqana.
  1658 | D:3      | Found a blossoming altar of Fedhas.
  1658 | D:3      | Found a glowing silver altar of Zin.
  1658 | D:3      | Found a glowing golden altar of the Shining One.
  1658 | D:3      | Found an iron altar of Okawaru.
  1660 | D:3      | Found a hide-covered altar of Uskayaw.
  1662 | D:3      | Found a snail-covered altar of Cheibriados.
  1767 | D:4      | Noticed a scorpion
  1898 | D:4      | Killed a scorpion
  1899 | D:4      | Reached XP level 5. HP: 32/36 MP: 0/0
  1899 | D:4      | Learned a level 2 spell: Call Imp
  1913 | D:4      | Found Waimyett's Book Shoppe.
  1947 | D:4      | Reached * piety under Makhleb
  2003 | D:4      | Noticed an orc warrior
  2126 | D:3      | Reached skill level 1 in Short Blades
  2154 | D:3      | Killed themself with a badly aimed concussive blast

Illustrated notes

Levels and vault maps discovered:
D:1:      minmay_arrival_jagged, layout_rooms
D:2:      layout_basic, hellmonk_ecumenical_altar_heavens_door, basic_altar,
          grunt_ministairs_13, uniq_robin
D:3:      layout_rooms, minitemple, chequers_decorated_corner,
          nicolae_twisty_statue_hallways
D:4:      layout_basic, serial_shops, shop

Skill      XL: |  1  2  3  4  5 |
---------------+----------------+-----
Spellcasting   | |  3.3
Conjurations   | |  3.3
Hexes          | |  3.3
Summonings     | |  3.3
Necromancy     | |  3.3
Translocations | |  3.3
Transmutations | |  3.3
Fire Magic     | |  3.3
Ice Magic      | |  3.3
Air Magic      | |  3.3
Earth Magic    | |  3.3
Poison Magic   | |  3.3
Stealth        | 2 |  2.7
Dodging        | 3 |  3.6
Invocations    | 1 |  1.8
Short Blades   | 1 |  1.0
Fighting       | |  0.6

Action                     |  1- 3 |  4- 6 || total
---------------------------+-------+-------++-------
  Melee: Short sword       |    13 |    20 ||    33
   Cast: Foxfire           |    44 |    27 ||    71
         Scorch            |       |     7 ||     7
         Sting             |       |     2 ||     2
         Call Imp          |       |     2 ||     2
         Volatile Blastmot |       |     1 ||     1
    Use: Scroll            |     1 |     3 ||     4
         Potion            |       |     3 ||     3
   Stab: Sleeping          |     1 |     1 ||     2
 Armour: Robe              |    15 |     7 ||    22
  Dodge: Dodged            |    45 |    23 ||    68

Table legend: (Time is in decaauts)
 A = Elapsed time spent in this place.
 B = Non-inter-level travel time spent in this place.
 C = Inter-level travel time spent in this place.
 D = Time resting spent in this place.
 E = Time spent auto-exploring this place.
 F = Levels seen in this place.
 G = Mean time per level.
                   A        B        C        D        E       F      G
               +--------+--------+--------+--------+--------+-----+--------+
         Total |   2161 |   2088 |     73 |    285 |    970 |   4 |  540.2 |
       Dungeon |   2161 |   2088 |     73 |    285 |    970 |   4 |  540.2 |
               +--------+--------+--------+--------+--------+-----+--------+

Top non-repeatable levels by time:
     D:1: 788 daAuts
     D:2: 776 daAuts
     D:3: 365 daAuts
     D:4: 229 daAuts
